 Dungeon Crawl Stone Soup version 0.19.1 (webtiles) character file.

417 Banto the Ruffian (level 6, -1/51 HPs)
             Began as a Naga Transmuter on Dec 13, 2016.
             Slain by a killer bee (3 damage)
             ... on level 8 of the Dungeon.
             The game lasted 00:05:45 (3901 turns).

Banto the Ruffian (Naga Transmuter)                 Turns: 3901, Time: 00:05:45

Health: -1/51      AC:  7    Str: 13    XL:     6   Next: 93%
Magic:  2/9        EV: 10    Int: 15    God:
Gold:   238        SH:  0    Dex: 11    Spells: 3 memorised, 2 levels left

rFire  . . .     SeeInvis +       - Unarmed
rCold  . . .     Gourm    .     b - +1 robe
rNeg   . . .     Faith    .     (no shield)
rPois  +         Spirit   .     h - +2 helmet
rElec  .         Reflect  .     (no cloak)
rCorr  .         Harm     .     (no gloves)
MR     .....                    (no barding)
Stlth  +.........               (no amulet)
                                (no ring)
                                (no ring)

@: about to teleport, short of breath, very slightly contaminated, very slow
A: see invisible, deformed body, poison resistance, slowness 2, slow metabolism
1, spit poison 1, AC +2
a: Spit Poison


You were on level 8 of the Dungeon.
You were hungry.

You visited 1 branch of the dungeon, and saw 6 of its levels.

You collected 238 gold pieces.

Inventory:

Missiles
 a - 127 arrows
Armour
 b - a +1 robe (worn)
 h - a +2 helmet (worn)
Scrolls
 m - 3 scrolls of remove curse
 n - a scroll of blinking
 r - a scroll of amnesia
Potions
 e - a potion of agility
 g - a potion of invisibility
 i - a potion of resistance {unknown}
 j - a potion of brilliance {unknown}
 o - a potion of flight
 q - 2 potions of heal wounds {unknown}
 s - a potion of cancellation {unknown}
Books
 c - a book of Changes

   Spells                             Type                      Level
   a - Beastly Appendage              Transmutation                1
   b - Sticks to Snakes               Transmutation                2
   c - Spider Form                    Transmutation/Poison         3
   d - Ice Form                       Ice/Transmutation            4
   e - Blade Hands                    Transmutation                5
Comestibles
 d - 5 bread rations
 f - a beef jerky
 k - 6 chunks of flesh
 l - 2 meat rations


   Skills:
 - Level 1.0 Fighting
 - Level 1.5 Dodging
 + Level 5.0 Unarmed Combat
 - Level 2.0 Spellcasting
 + Level 4.9 Transmutations
 + Level 2.8 Ice Magic


You had 2 spell levels left.
You knew the following spells:

 Your Spells              Type           Power        Failure   Level  Hunger
a - Beastly Appendage     Tmut           ###...       3%          1    #......
b - Sticks to Snakes      Tmut           ###.....     6%          2    ###....
c - Ice Form              Ice/Tmut       ##......     54%         4    #####..


Dungeon Overview and Level Annotations

Branches:
Dungeon (5/15)
 Temple: D:4-7

Altars:
Elyvilon
Nemelex Xobeh
Ru
Uskayaw
Yredelemnul
Zin


Innate Abilities, Weirdness & Mutations

You cannot wear boots.
Your serpentine skin is tough. (AC +2)
You have supernaturally acute eyesight. (SInv)
Armour fits poorly on your strangely shaped body.
Your system is resistant to poisons. (rPois)
You cover ground very slowly.
You have a slow metabolism.
You can spit poison.


Message History

You feel strangely unstable. The killer bee stings you!
* * * LOW HITPOINT WARNING * * *
Your adder bites the gnoll.
The killer bee closely misses you. The killer bee stings you!
* * * LOW HITPOINT WARNING * * *
The killer bee stings your ball python.
Your ball python dies!
The orc hits you but does no damage. The killer bee closely misses you.
Your adder bites the gnoll but does no damage.
The killer bee stings you.
* * * LOW HITPOINT WARNING * * *
The killer bee barely misses you.
An orc priest comes into view. It is wielding a club.
You take 20 damage, and have 1/51 hp.
MASSIVE DAMAGE!!
Press: ? - help, Shift-Dir - straight line, f - killer bee
Aim: a killer bee The splash of poison misses the killer bee.
You feel slightly more hungry. The killer bee barely misses you.
The killer bee stings you.
You die...

.# .# .#
###.##.###
##........#
##..........
#yo.S.......
#@ygg.[.....
#yyro.......
##goF...o...
##.........
####.....#
....# ...#
... .#


You could see a bullfrog, 4 killer bees, an orc priest, 3 gnolls, 3 orcs, a
quokka and a friendly adder.

Vanquished Creatures
  A sky beast (D:3)
  An ogre (D:5)
  2 hounds (D:4)
  A worker ant (D:4)
  6 adders
  An ooze (D:2)
  2 adder skeletons (D:4)
  6 worms
  2 dart slugs (D:4)
  4 orcs
  A ball python (D:1)
  5 bats
  4 giant cockroaches
  18 goblins
  7 hobgoblins
  16 jackals
  6 kobolds
  A quokka (D:4)
  5 frilled lizards
  A jackal skeleton (D:4)
  8 rats
98 creatures vanquished.

Vanquished Creatures (collateral kills)
  A dart slug (D:2)
  An orc (D:8)
  A goblin (D:4)
3 creatures vanquished.

Grand Total: 101 creatures vanquished

Notes
Turn   | Place    | Note
-------+----------+-------------------------------------------
     0 | D:1      | Banto the Naga Transmuter began the quest for the Orb.
     0 | D:1      | Reached XP level 1. HP: 18/18 MP: 3/3
   330 | D:1      | Reached XP level 2. HP: 21/25 MP: 3/5
   755 | D:1      | Learned a level 2 spell: Sticks to Snakes
   825 | D:2      | Reached XP level 3. HP: 25/31 MP: 6/6
   899 | D:2      | Learned a level 3 spell: Spider Form
   983 | D:2      | Found a sparkling altar of Nemelex Xobeh.
  1276 | D:2      | Reached XP level 4. HP: 20/38 MP: 7/7
  1443 | D:2      | Learned a level 4 spell: Ice Form
  1587 | D:2      | Reached skill level 4 in Unarmed Combat
  1629 | D:2      | Found a white marble altar of Elyvilon.
  1630 | D:2      | Found a glowing silver altar of Zin.
  1630 | D:2      | Found a sacrificial altar of Ru.
  1631 | D:2      | Found a hide-covered altar of Uskayaw.
  1988 | D:3      | Found a basalt altar of Yredelemnul.
  2342 | D:3      | Reached XP level 5. HP: 43/44 MP: 8/8
  2506 | D:3      | Noticed a sky beast
  2542 | D:3      | Killed a sky beast
  2542 | D:3      | Reached skill level 1 in Ice Magic
  2784 | D:4      | Reached XP level 6. HP: 45/51 MP: 9/9
  3857 | D:5      | Entered Level 5 of the Dungeon
  3867 | D:5      | Reached skill level 5 in Unarmed Combat
  3890 | D:5      | You fall through a shaft for 3 floors!
  3900 | D:8      | HP: 1/51 [killer bee (5)]
  3901 | D:8      | Slain by a killer bee

Skill      XL: |  1  2  3  4  5  6 |
---------------+-------------------+-----
Transmutations | 3 4 |  4.9
Unarmed Combat | 4 5 |  5.0
Ice Magic      | 1 2 |  2.8
Fighting       | |  1.0
Dodging        | |  1.5
Spellcasting   | |  2.0

Action                   |  1- 3 |  4- 6 || total
-------------------------+-------+-------++-------
Melee: Unarmed           |    95 |   205 ||   300
       Headbutt          |     4 |     5 ||     9
       Punch             |     1 |     1 ||     2
 Cast: Beastly Appendage |     5 |     9 ||    14
       Sticks to Snakes  |     1 |    10 ||    11
 Abil: Spit Poison       |    18 |    41 ||    59
  Use: Scroll            |     3 |    12 ||    15
 Stab: Distracted        |       |     2 ||     2
  Eat: Chunk             |     2 |    10 ||    12
Armor: Robe              |    13 |    93 ||   106
Dodge: Dodged            |    64 |   120 ||   184

Table legend:
 A = Turns spent in this place as a percentage of turns spent in the entire game.
 B = Non-inter-level travel turns spent in this place as a percentage of non-inter-level travel turns spent in the entire game.
 C = Inter-level travel turns spent in this place as a percentage of turns spent in this place.
 D = Turns resting spent in this place as a percentage of non-inter-level travel turns spent in this place.
 E = Turns spent auto-exploring this place as a percentage of non-inter-level travel turns spent in this place.
 F = Non-inter-level travel turns spent in this place divided by the number of levels of this place that you've seen.
                   A       B       C       D       E      F
               +-------+-------+-------+-------+-------+----------------------
         Total | 100.0 | 100.0 |   0.5 |   3.2 |  12.5 | 179.3
       Dungeon | 100.0 | 100.0 |   0.5 |   3.2 |  12.5 | 179.3
               +-------+-------+-------+-------+-------+----------------------

Table legend:
 A = Kills in this place as a percentage of kills in entire the game.
 B = Kills by you in this place as a percentage of kills by you in the entire game.
 C = Kills by friends in this place as a percentage of kills by friends in the entire game.
 D = Other kills in this place as a percentage of other kills in the entire game.
 E = Experience gained in this place as a percentage of experience gained in the entire game.
 F = Experience gained in this place divided by the number of levels of this place that you have seen.
                   A       B       C       D       E      F
               +-------+-------+-------+-------+-------+----------------------
         Total | 100.0 | 100.0 | 100.0 |  -nan | 100.0 |  99.5
       Dungeon | 100.0 | 100.0 | 100.0 |  -nan | 100.0 |  99.5
               +-------+-------+-------+-------+-------+----------------------
